 Dungeon Crawl Stone Soup version 0.20.2-3-g29329e0561 (webtiles) character file.

287 Alfie the Covered (level 6, 0/53 HPs)
             Began as a Hill Orc Fighter on Oct 10, 2022.
             Killed from afar by an orc wizard (7 damage)
             ... with a magic dart
             ... on level 4 of the Dungeon.
             The game lasted 00:07:17 (2550 turns).

Alfie the Covered (Hill Orc Fighter)                Turns: 2550, Time: 00:07:20

Health: 0/53       AC:  8    Str: 21    XL:     6   Next: 30%
Magic:  6/6        EV:  9    Int: 12    God:
Gold:   128        SH:  9    Dex: 10    Spells: 5/5 levels left

rFire    . . .     SeeInvis .   a - +0 rapier
rCold    + . .     Gourm    .   c - +0 shield
rNeg     . . .     Faith    .   p - +2 ring mail {rC+}
rPois    .         Spirit   .   (no helmet)
rElec    .         Reflect  .   (no cloak)
rCorr    .         Harm     .   (no gloves)
MR       .....                  (no boots)
Stlth    ..........             (no amulet)
Regen    0.2/turn               (no ring)
MPRegen  0.1/turn               (no ring)

@: no status effects
A: clever 2
a: no special abilities


You were on level 4 of the Dungeon.
You were hungry.

You visited 1 branch of the dungeon, and saw 4 of its levels.

You collected 128 gold pieces.

Inventory:

Hand Weapons
 a - a +0 rapier (weapon)
Armour
 c - a +0 shield (worn)
 p - a +2 ring mail of cold resistance (worn)
Scrolls
 e - 3 scrolls of immolation
 i - 2 scrolls of amnesia
 j - a scroll of recharging
 o - 3 scrolls of teleportation
 q - a scroll of identify
Potions
 b - a potion of heal wounds
 d - 2 potions of might
 g - a potion of resistance {unknown}
 k - a potion of flight {unknown}
 l - 3 potions of mutation
 n - a potion of haste {unknown}
Books
 m - a book of Changes

   Spells                             Type                      Level
   a - Beastly Appendage              Transmutation                1
   b - Sticks to Snakes               Transmutation                2
   c - Spider Form                    Transmutation/Poison         3
   d - Ice Form                       Ice/Transmutation            4
   e - Blade Hands                    Transmutation                5
Comestibles
 f - 3 bread rations
 h - a meat ration


   Skills:
 + Level 4.3 Fighting
 + Level 4.0 Short Blades
 + Level 4.6 Armour
 + Level 1.4 Dodging
 + Level 0.1 Stealth
 + Level 4.2 Shields


You had 5 spell levels left.
You didn't know any spells.

Dungeon Overview and Level Annotations

Branches:
Dungeon (4/15)
 Temple: D:4-7

Altars:
Qazlal
Vehumet


Innate Abilities, Weirdness & Mutations

Your mind is very acute. (Int +4)


Message History

Something hits you but does no damage.
You hit the orc wizard but do no damage.
You block the orc wizard's attack. The orc wizard closely misses you.
Something hits you but does no damage.
An orc comes into view. It is wielding a mace.
You hit the orc wizard.
The orc wizard is lightly wounded.
You block the orc wizard's attack. Something hits you but does no damage.
You hit the orc wizard.
The orc wizard is moderately wounded.
The orc wizard hits you with a dagger.
* * * LOW HITPOINT WARNING * * *
You block the orc wizard's attack. You block something's attack.
You puncture the orc wizard!
The orc wizard is almost dead.
The orc wizard hits you but does no damage.
You hear some strange, mumbled words.
A magic dart appears from out of thin air!
The magic dart hits you!
You die...

.#
#....#.##.#...#
.#
#....#........#
.#
#....#.##.#.#.#
.#
###.#.##.#.#.#
.#
.#........#####
.#
.?......)..)..#
.#.##.#.#.###.#
......o{#.#
.#.##.#@#.# #
#.#o# #
..........#
.####.#...#
......... ##.
###.### #. .# #
.# .#


You could see an orc wizard and an orc.

Vanquished Creatures
  A hound (D:4)
  A centaur skeleton (D:4)
  An orc priest (D:4)
  A worker ant (D:4)
  7 adders
  A shadow imp (D:4)
  2 oozes
  5 worms
  4 dart slugs
  2 leopard geckos
  2 orcs (D:4)
  A ball python (D:1)
  A giant cockroach (D:1)
  4 goblins (D:2)
  9 hobgoblins
  10 jackals
  9 kobolds
  A quokka (D:2)
  6 bats
  4 frilled lizards
  5 rats
77 creatures vanquished.

Notes
Turn   | Place    | Note
-------+----------+-------------------------------------------
     0 | D:1      | Alfie the Hill Orc Fighter began the quest for the Orb.
     0 | D:1      | Reached XP level 1. HP: 19/19 MP: 1/1
   164 | D:1      | Reached XP level 2. HP: 27/27 MP: 2/2
   356 | D:1      | Reached XP level 3. HP: 27/33 MP: 3/3
   938 | D:2      | Gained mutation: Your mind is acute. (Int +2) [potion of mutation]
   938 | D:2      | Gained mutation: Your mind is very acute. (Int +4) [potion of mutation]
   998 | D:2      | Reached XP level 4. HP: 10/40 MP: 4/4
  1679 | D:3      | Found a stormy altar of Qazlal.
  1973 | D:3      | Found a radiant altar of Vehumet.
  1983 | D:3      | Reached XP level 5. HP: 36/46 MP: 5/5
  2045 | D:3      | Reached skill level 1 in Dodging
  2511 | D:4      | Reached XP level 6. HP: 32/52 MP: 6/6
  2550 | D:4      | Killed from afar by an orc wizard

Skill      XL: |  1  2  3  4  5  6 |
---------------+-------------------+-----
Fighting       | 4 |  4.3
Armour         | 4 |  4.6
Short Blades   | 3 4 |  4.0
Dodging        | 1 |  1.4
Shields        | 4 |  4.2
Stealth        | |  0.1

Action                   |  1- 3 |  4- 6 || total
-------------------------+-------+-------++-------
Melee: Rapier            |   128 |   222 ||   350
  Use: Scroll            |     4 |     4 ||     8
       Potion            |     3 |       ||     3
  Eat: Fruit             |       |     4 ||     4
       Royal jelly       |       |     1 ||     1
Armor: Scale mail        |    31 |       ||    31
       Ring mail         |    10 |    88 ||    98
Dodge: Dodged            |    32 |    66 ||    98
Block: Shield            |    52 |   122 ||   174
